 Dungeon Crawl Stone Soup version 0.23-a0-644-gb60d84b635 (webtiles) character file.

4223 Bayzair the Geomancer (level 10, -13/53 HPs)
             Began as a Gargoyle Earth Elementalist on Jan 1, 2019.
             Was a Follower of Vehumet.
             Mangled by an orc warrior
             ... wielding a +0 mace
              (21 damage)
             ... on level 7 of the Dungeon.
             The game lasted 00:25:24 (7240 turns).

Bayzair the Geomancer (Gargoyle Earth Elementalist) Turns: 7240, Time: 00:25:25

Health: -13/53     AC: -21   Str: 13    XL:     10   Next: 30%
Magic:  14/30      EV: 12    Int: 18    God:    Vehumet [*.....]
Gold:   322        SH:  0    Dex: 10    Spells: 15/24 levels left

rFire    . . .     SeeInvis .   k - +4 mace (protect)
rCold    . . .     Gourm    .   (no shield)
rNeg     + . .     Faith    .   c - +0 robe
rPois    ∞         Spirit   .   (no helmet)
rElec    +         Reflect  .   q - +1 cloak
rCorr    .         Harm     .   (no gloves)
MR       .....                  (no boots)
Stlth    +.........             (no amulet)
HPRegen  0.17/turn              a - +3 ring of protection
MPRegen  0.22/turn              u - ring of magical power

@: confused, about to teleport, corroded, hasted, very quick
A: negative energy resistance 1, electricity resistance, unbreathing,
petrification resistance, rot immunity, AC +7
a: Renounce Religion


You were on level 7 of the Dungeon.
You worshipped Vehumet.
Vehumet was aware of your devotion.
You were not hungry.

You visited 2 branches of the dungeon, and saw 8 of its levels.

You collected 322 gold pieces.

Inventory:

Hand Weapons
 k - a +4 mace of protection (weapon)
Missiles
 b - 175 stones (quivered)
Armour
 c - a +0 robe (worn)
 q - a +1 cloak (worn)
Jewellery
 a - a +3 ring of protection (left hand)
 u - a ring of magical power (right hand)
Wands
 n - a wand of polymorph (8)
 v - a wand of acid (9)
 w - a wand of random effects (7)
Scrolls
 e - 3 scrolls of identify
 h - 2 scrolls of teleportation
 m - a scroll of fog
 s - a scroll of remove curse
 x - a scroll of immolation
Potions
 f - 3 potions of curing
 g - 3 potions of heal wounds
 j - 3 potions of flight
 l - 2 potions of might
 o - 2 potions of brilliance
 r - a potion of agility
 t - a potion of haste
Comestibles
 d - 12 rations


   Skills:
 + Level 2.0 Fighting
 + Level 1.6 Maces & Flails
 + Level 1.9 Armour
 + Level 2.3 Dodging
 - Level 2.1 Stealth
 + Level 7.7 Spellcasting
 + Level 8.5 Conjurations
   Level 0.7 Transmutations
 + Level 10.3 Earth Magic
 + Level 1.4 Evocations


You had 15 spell levels left.
You knew the following spells:

 Your Spells              Type           Power        Failure   Level  Hunger
a - Sandblast             Erth           #####.       1%          1    None
b - Stone Arrow           Conj/Erth      #####.       1%          3    #......
c - Lee's Rapid Deconstr  Erth           #####.....   4%          5    #####..

Your spell library contained the following spells:

 Spells                   Type           Power        Failure   Level  Hunger
 Freeze                   Ice            #...         10%         1    None
 Passwall                 Tmut/Erth      ####....     1%          2    None
 Animate Skeleton         Necr           N/A          10%         1    None
 Apportation              Tloc           #.....       10%         1    None
 Confusing Touch          Hex            #.....       10%         1    None
 Summon Small Mammal      Summ           #...         10%         1    None
 Petrify                  Tmut/Erth      ####....     11%         4    ###....


Dungeon Overview and Level Annotations

Branches:
Dungeon (7/15)             Temple (1/1) D:6

Altars:
Ashenzari
Cheibriados
Elyvilon
Fedhas
Gozag
Hepliaklqana
Kikubaaqudgha
Makhleb
Qazlal
Ru
Sif Muna
Trog
Vehumet
Wu Jian
Yredelemnul
Zin
The Shining One


Innate Abilities, Weirdness & Mutations

You are resistant to torment.
Your stone body is resilient. (AC +7)
You are immune to poison.
You resist negative energy. (rN+)
You are resistant to electric shocks. (rElec)
You can survive without breathing.
You are immune to petrification.
You are immune to rotting.


Message History

The rust devil is heavily wounded.
The rust devil hits you. The rust devil corrodes you!
The rust devil closely misses you.
The orc warrior hits you with a +0 mace!
The rust devil hits you. The rust devil corrodes you!
You climb downwards.
There is a stone staircase leading up here.
As you read the scroll of teleportation, it crumbles to dust.
You feel strangely unstable. The rust devil hits you.
* * * LOW HITPOINT WARNING * * *
The rust devil corrodes you! The orc warrior closely misses you.
Unknown command.
You are confused.
You feel invigorated. The rust devil hits you. The rust devil corrodes you!
Unknown command.
You bump into the rock wall.
The rust devil hits you!
* * * LOW HITPOINT WARNING * * *
The rust devil corrodes you!
The orc warrior hits you with a +0 mace!!
You die...

##.......## #..##
#.........####...#####
+.....................
#.........####........
#.......## #...#####
##.....## #.#.# #
##.4.## #^#.# # ##o##
..... # #@# ##.#.#. #
#4# ###.#.# # #.# #.#
# # $.. #[. ... #....
#.... ..#...


You could see 2 rust devils and an orc warrior.

Vanquished Creatures
  The ghost of dondy the Carver, a novice DsGl of Hepliaklqana (D:6)
  Grinder (D:6)
  2 hippogriffs
  Sigmund (D:4)
  A hungry ghost (D:7)
  Edmund (D:6)
  4 ice beasts
  3 orc warriors
  4 phantoms
  A black bear (D:6)
  2 ogres
  2 centaurs
  A bullfrog (D:6)
  4 scorpions
  2 howler monkeys
  9 crimson imps
  A centaur zombie (D:5)
  2 jellies (D:6)
  4 orc wizards
  2 orc priests
  2 hounds
  A centaur skeleton (D:7)
  3 iguanas
  6 worker ants
  3 hound skeletons
  A howler monkey zombie (D:6)
  A howler monkey skeleton (D:7)
  4 adders
  5 shadow imps
  A white imp (D:7)
  An adder zombie (D:6)
  6 worms
  4 dart slugs
  5 leopard geckos
  23 orcs
  8 giant cockroaches
  7 goblins
  7 hobgoblins
  8 jackals
  A quokka (D:6)
  3 ball pythons
  8 bats
  3 frilled lizards
  10 kobolds
  11 rats
180 creatures vanquished.

Notes
Turn   | Place    | Note
-------+----------+-------------------------------------------
     0 | D:1      | Bayzair the Gargoyle Earth Elementalist began the quest for
                  | the Orb.
     0 | D:1      | Reached XP level 1. HP: 10/10 MP: 3/3
   371 | D:1      | Reached skill level 4 in Earth Magic
   371 | D:1      | Reached XP level 2. HP: 15/15 MP: 5/5
  1033 | D:2      | Reached XP level 3. HP: 19/19 MP: 6/6
  1038 | D:2      | Learned a level 3 spell: Stone Arrow
  1437 | D:2      | Found a shattered altar of Ashenzari.
  1441 | D:2      | Reached skill level 1 in Conjurations
  1659 | D:2      | Reached XP level 4. HP: 24/24 MP: 8/8
  2200 | D:3      | Reached skill level 5 in Earth Magic
  2212 | D:3      | Reached XP level 5. HP: 25/28 MP: 0/10
  2418 | D:3      | Found a snail-covered altar of Cheibriados.
  2517 | D:3      | Found a sacrificial altar of Ru.
  2569 | D:3      | Noticed an orc warrior
  2579 | D:3      | Killed an orc warrior
  2579 | D:3      | Reached XP level 6. HP: 10/32 MP: 9/11
  2681 | D:3      | Found a stormy altar of Qazlal.
  2950 | D:3      | Reached skill level 6 in Earth Magic
  3237 | D:4      | Learned a level 5 spell: Lee's Rapid Deconstruction
  3356 | D:4      | Noticed a phantom
  3378 | D:4      | Killed a phantom
  3378 | D:4      | Reached XP level 7. HP: 29/36 MP: 4/13
  3439 | D:4      | Noticed a hippogriff
  3454 | D:4      | Killed a hippogriff
  3649 | D:4      | Reached skill level 7 in Earth Magic
  3834 | D:4      | Noticed Sigmund
  3843 | D:4      | Killed Sigmund
  3843 | D:4      | Reached skill level 5 in Spellcasting
  3843 | D:4      | Reached skill level 5 in Conjurations
  3843 | D:4      | Reached XP level 8. HP: 41/41 MP: 7/15
  4195 | D:4      | Found an opulent altar of Gozag.
  4196 | D:4      | Found a glowing silver altar of Zin.
  4378 | D:5      | Entered Level 5 of the Dungeon
  4581 | D:5      | Reached skill level 8 in Earth Magic
  4889 | D:5      | Found an ancient bone altar of Kikubaaqudgha.
  5150 | D:6      | Reached XP level 9. HP: 45/45 MP: 15/18
  5178 | D:6      | Found a runed door.
  5188 | D:6      | Noticed dondy's ghost (novice DsGl)
  5199 | D:6      | Killed dondy's ghost
  5199 | D:6      | Reached skill level 9 in Earth Magic
  5387 | D:6      | Found a staircase to the Ecumenical Temple.
  5400 | Temple   | Entered the Ecumenical Temple
  5605 | Temple   | Became a worshipper of Vehumet
  5687 | D:6      | Noticed Grinder
  5689 | D:6      | Killed Grinder
  5742 | D:6      | Got a pitted flail
  5752 | D:6      | Identified the cursed +1 flail of the Eleven Queens {venom,
                  | MR+ Str+4 Int-3} (You found it on level 6 of the Dungeon)
  6208 | D:6      | Noticed Edmund
  6225 | D:6      | Killed Edmund
  6225 | D:6      | Reached skill level 10 in Earth Magic
  6618 | D:7      | Identified the cursed +0 robe "Razoeqis" {Dex+3}
  6657 | D:7      | Reached skill level 1 in Fighting
  6657 | D:7      | Reached XP level 10. HP: 50/52 MP: 18/21
  6713 | D:7      | Reached skill level 1 in Maces & Flails
  6713 | D:7      | Reached skill level 1 in Armour
  6767 | D:7      | Reached * piety under Vehumet
  6767 | D:7      | Offered knowledge of Freeze by Vehumet.
  6767 | D:7      | Reached skill level 1 in Evocations
  7225 | D:6      | Noticed a rust devil
  7225 | D:6      | Noticed a rust devil
  7240 | D:7      | Mangled by an orc warrior

Vault maps used:
D:1:      giann_wishing_wells
D:2:      nicolae_ashenzari_panopticon, serial_curves, eino_curves_04,
          eino_curves_01, minmay_worlds_worst_comb
D:3:      old_standard_altar, lemuel_round_altar, kennysheep_slug_shrine,
          first_ration, cheibrodos_sewer_entry_bend
D:4:      grunt_temple_overflow_gold_and_silver, uniq_sigmund
D:5:      kennysheep_mini_moat, ldierk_geyser, minmay_holes, item_on_display_a
D:6:      cheibrodos_iron_armory, minmay_temple_entry_statues_fountains,
          ebering_ghost_reflecting_pool, uniq_grinder, uniq_edmund
D:7:      grunt_dithmenos_shadows, grunt_ogre_cave, minmay_nine_imps
Temple:   dpeg_chambers_temple

Skill      XL: |  1  2  3  4  5  6  7  8  9 10 |
---------------+-------------------------------+-----
Earth Magic    | 4 5 6 7 8 10 | 10.3
Conjurations   | 1 2 3 4 5 6 8 |  8.5
Spellcasting   | 3 4 5 6 7 |  7.7
Fighting       | 1 2 |  2.0
Maces & Flails | 1 |  1.6
Armour         | 1 |  1.9
Dodging        | 2 |  2.3
Evocations     | 1 |  1.4
Stealth        | |  2.1
Transmutations | |  0.7

Action                   |  1- 3 |  4- 6 |  7- 9 | 10-12 || total
-------------------------+-------+-------+-------+-------++-------
Melee: Unarmed           |    22 |       |       |       ||    22
       Short sword       |    14 |       |       |       ||    14
       Mace              |    83 |   131 |   250 |    38 ||   502
       Rapier            |       |       |    76 |       ||    76
 Cast: Sandblast         |     3 |    27 |    33 |    19 ||    82
       Stone Arrow       |       |     2 |    18 |     8 ||    28
       Lee's Rapid Decon |       |       |    10 |     3 ||    13
Evoke: Wand              |       |       |     2 |     1 ||     3
  Use: Scroll            |     8 |     3 |     9 |     3 ||    23
       Potion            |       |     1 |     1 |     3 ||     5
 Stab: Sleeping          |     5 |     6 |     3 |       ||    14
       Distracted        |       |       |       |     1 ||     1
  Eat: Chunk             |     3 |     6 |    10 |     5 ||    24
       Ration            |       |       |     1 |       ||     1
Armor: Robe              |    62 |    72 |   201 |    33 ||   368
Dodge: Dodged            |    92 |    99 |   258 |    47 ||   496

Table legend:
 A = Non-vault XP
 B = Vault XP
 C = Vault XP percentage of total XP
 D = Non-vault monster count
 E = Vault monster count
 F = Vault count percentage of total count
                 A         B        C        D         E       F
            +---------+---------+-------+---------+---------+-------
      Total |    4417 |    1617 |  26.8 |     161 |      19 |  10.6
            +---------+---------+-------+---------+---------+-------
        D:1 |      23 |       0 |   0.0 |      16 |       0 |   0.0
        D:2 |      87 |       6 |   6.5 |      29 |       3 |   9.4
        D:3 |     419 |       9 |   2.1 |      34 |       2 |   5.6
        D:4 |     846 |     227 |  21.2 |      24 |       1 |   4.0
        D:5 |     675 |       0 |   0.0 |      16 |       0 |   0.0
        D:6 |    1171 |    1049 |  47.3 |      27 |       4 |  12.9
        D:7 |    1196 |     326 |  21.4 |      15 |       9 |  37.5
            +---------+---------+-------+---------+---------+-------
